 Dungeon Crawl Stone Soup version 0.20.0-10-g0535bb4 (webtiles) character file.

49 vatarom the Caller (level 3, -2/19 HPs)
             Began as a Deep Elf Summoner on June 5, 2017.
             Slain by a goblin
             ... wielding a +0 club
             ... led by Robin
              (5 damage)
             ... on level 3 of the Dungeon.
             The game lasted 00:06:07 (1896 turns).

vatarom the Caller (Deep Elf Summoner)              Turns: 1896, Time: 00:06:08

Health: -2/19      AC:  3    Str:  5    XL:     3   Next: 51%
Magic:  1/10       EV: 13    Int: 20    God:
Gold:   69         SH:  0    Dex: 15    Spells: 1/10 levels left

rFire    . . .     SeeInvis .   l - +1 mace (protect)
rCold    . . .     Gourm    .   (no shield)
rNeg     . . .     Faith    .   a - +1 robe
rPois    .         Spirit   .   (no helmet)
rElec    .         Reflect  .   (no cloak)
rCorr    .         Harm     .   (no gloves)
MR       .....                  (no boots)
Stlth    ++........             (no amulet)
Regen    0.1/turn               (no ring)
MPRegen  0.2/turn               (no ring)

@: about to teleport
A: no striking features
a: no special abilities


You were on level 3 of the Dungeon.
You were not hungry.

You visited 1 branch of the dungeon, and saw 3 of its levels.

You collected 69 gold pieces.

Inventory:

Hand Weapons
 l - a +1 mace of protection (weapon)
Armour
 a - a +1 robe (worn)
Wands
 g - a wand of flame (34/48)
Scrolls
 k - a scroll of recharging
 m - 2 scrolls of amnesia
Potions
 h - a potion of agility
Books
 b - a book of Callings

   Spells                             Type                      Level
   a - Summon Small Mammal            Summoning                    1
   b - Call Imp                       Summoning                    2
   c - Call Canine Familiar           Summoning                    3
   d - Summon Guardian Golem          Hexes/Summoning              3
   e - Summon Lightning Spire         Summoning/Air                4
   f - Summon Ice Beast               Ice/Summoning                4
Comestibles
 d - 5 fruits
 i - 2 meat rations


   Skills:
 - Level 2.4 Dodging
 - Level 2.4 Stealth
 + Level 4.4 Spellcasting
 * Level 5.1 Summonings


You had one spell level left.
You knew the following spells:

 Your Spells              Type           Power        Failure   Level  Hunger
a - Summon Small Mammal   Summ           ###.         1%          1    None
b - Call Imp              Summ           ###.....     2%          2    #......
c - Call Canine Familiar  Summ           ###.....     4%          3    ###....
d - Summon Guardian Gole  Hex/Summ       ##......     13%         3    ###....


Dungeon Overview and Level Annotations

Branches:
Dungeon (3/15)

Altars:

Annotations:
D:3 Crazy Yiuf


Message History

Your crimson imp hits the fungus but does no damage.
Your crimson imp hits the fungus.
A goblin comes into view. It is wielding a club.
An adder comes into view.
There is an open door here.
You can't go down here!
You can't go up here!
You can't go down here!
You can't go down here!
You can't go down here!
It was a potion of cancellation.
You feel magically purged.
Your magical contamination has completely faded away.
Casting: Call Canine Familiar
Confirm with . or Enter, or press ? or * to list all spells.
Okay, then.
As you read the scroll of teleportation, it crumbles to dust.
You feel strangely unstable. The adder bites you.
* * * LOW HITPOINT WARNING * * *
The goblin hits you with a club.
You die...

###..#.# ....#.# #.# ....#.#
#.# ###.###..#.# #.#
...†.....#.####.##♣♣♣♣♣
#...##..†......+.P.♣.♣♣♣ ###
#........#.....P..♣..♣#...#
#...##........g.5P.♣♣♣♣.'...#
.o.. #....)..=S@..♣♣ ♣♣#..g#
##. ##.....#<###♣♣ ### #
##...##†# ......###†# #######
#.# #.# #.# #.# #.#


You could see an adder, a goblin and a friendly crimson imp.

Vanquished Creatures
  2 bats (D:2)
  A goblin (D:1)
  A frilled lizard (D:3)
  A rat (D:2)
5 creatures vanquished.

Vanquished Creatures (collateral kills)
  Robin (D:2)
  An adder (D:2)
  3 worms
  2 leopard geckos (D:2)
  3 orcs (D:3)
  2 hobgoblins
  2 jackals (D:2)
  A quokka (D:2)
  A ball python (D:2)
  4 bats
  A frilled lizard (D:2)
  12 goblins
  2 kobolds (D:2)
  3 rats
  A fungus (D:3)
39 creatures vanquished.

Grand Total: 44 creatures vanquished

Notes
Turn   | Place    | Note
-------+----------+-------------------------------------------
     0 | D:1      | vatarom the Deep Elf Summoner began the quest for the Orb.
     0 | D:1      | Reached XP level 1. HP: 10/10 MP: 6/6
   533 | D:2      | Reached XP level 2. HP: 14/15 MP: 5/8
   679 | D:2      | Learned a level 2 spell: Call Imp
   845 | D:2      | Noticed Robin
   938 | D:2      | Killed Robin
   938 | D:2      | Reached XP level 3. HP: 15/19 MP: 4/10
   988 | D:2      | Learned a level 3 spell: Call Canine Familiar
   992 | D:2      | Learned a level 3 spell: Summon Guardian Golem
  1590 | D:2      | Found a faded altar of an unknown god.
  1718 | D:3      | Reached skill level 5 in Summonings
  1859 | D:3      | Found a runed door.
  1865 | D:3      | Noticed Crazy Yiuf
  1896 | D:3      | Slain by a goblin

Skill      XL: |  1  2  3 |
---------------+----------+-----
Spellcasting   | 4 |  4.4
Summonings     | 5 |  5.1
Dodging        | |  2.4
Stealth        | |  2.4

Action                   || total
-------------------------++-------
Melee: Unarmed           ||    20
       Mace              ||    16
 Cast: Summon Small Mamm ||    22
       Call Imp          ||    19
       Call Canine Famil ||    10
       Summon Guardian G ||     5
  Use: Scroll            ||    13
       Potion            ||     4
 Stab: Sleeping          ||     5
  Eat: Bread ration      ||     1
       Fruit             ||     1
       Chunk             ||     1
Armor: Robe              ||    13
Dodge: Dodged            ||    43
